 Dungeon Crawl Stone Soup version 0.28-a0-1202-g1e6f1b2279 (webtiles) character file.

Game seed: 11695450223449800234

1925 ChaosChampion the Insei (level 9, 0/58 HPs)
             Began as an Octopode Transmuter on Dec 19, 2021.
             Succumbed to a killer bee's poison
             ... on level 6 of the Dungeon.
             The game lasted 00:14:26 (10274 turns).

ChaosChampion the Insei (Octopode Transmuter)      Turns: 10274, Time: 00:14:27

Health: 0/58       AC:  2    Str: 10    XL:     9   Next: 17%
Magic:  14/15      EV: 19    Int: 19    God:
Gold:   161        SH:  0    Dex: 17    Spells: 10/16 levels left

rFire   . . .      SeeInvis +     - Unarmed
rCold   . . .      Faith    .   (shield currently unavailable)
rNeg    . . .      Spirit   .   (helmet currently unavailable)
rPois   x          Reflect  .   (no amulet)
rElec   .          Harm     .   f - ring of willpower
rCorr   .          Rampage  .   l - ring of see invisible
Will    +....                   (no ring)
Stlth   ++........              (no ring)
HPRegen 0.19/turn               (no ring)
MPRegen 0.14/turn               (no ring)
                                (no ring)
                                (no ring)

@: lethally poisoned (0 -> -11), spider-form (expiring), wereblooded (expiring),
hasted, invisible, very quick
A: venomous fangs, almost no armour, (amphibious), 8 rings, tiny, (camouflage
1), (gelatinous body 1), (nimble swimmer 1), (tentacles)
a: End Transformation


You were on level 6 of the Dungeon.
You were a venomous arachnid creature.
You visited 1 branch of the dungeon, and saw 7 of its levels.
You also visited: Sewer.

You collected 341 gold pieces.
You spent 180 gold pieces at shops.

Inventory:

Missiles
 w - a throwing net
Magical Staves
 C - a staff of poison (melded)
Jewellery
 f - a ring of willpower (left front leg)
 l - a ring of see invisible (right front leg)
 n - a ring of ice
 x - a +4 ring of evasion
 y - an amulet of regeneration
 z - a ring of willpower
Wands
 j - a wand of flame (9)
 o - a wand of mindburst (14) (quivered)
Scrolls
 a - a scroll of fog {unknown}
 d - 2 scrolls of blinking
 h - 3 scrolls of identify {unknown}
 m - 3 scrolls of silence {unknown}
 q - a scroll of enchant weapon {unknown}
 s - 3 scrolls of teleportation
 t - 2 scrolls of brand weapon {unknown}
 u - a scroll of fear {unknown}
 v - a scroll of acquirement {unknown}
 A - 2 scrolls of noise {unknown}
 D - a scroll of torment {unknown}
Potions
 b - 3 potions of invisibility
 c - a potion of flight {unknown}
 e - a potion of berserk rage {unknown}
 i - a potion of attraction {unknown}
 k - a potion of ambrosia {unknown}
 p - a potion of haste
 r - a potion of brilliance {unknown}
 B - a potion of mutation {unknown}


   Skills:
 - Level 4.0 Fighting
 - Level 2.0 Dodging
 + Level 7.7 Unarmed Combat
 - Level 4.0 Spellcasting
 + Level 6.9 Transmutations
 + Level 3.6 Poison Magic


You had 10 spell levels left.
You knew the following spells:

 Your Spells              Type           Power      Damage    Failure   Level
a - Beastly Appendage     Tmut           60%        N/A       4%          1
b - Wereblood             Tmut           30%        N/A       6%          2
c - Spider Form           Tmut/Pois      23%        N/A       14%         3

Your spell library contained the following spells:

 Spells                   Type           Power      Damage    Failure   Level
 Poisonous Vapours        Pois/Air       20%        N/A       24%         2
 Ignite Poison            Fire/Tmut/Pois 17%        N/A       24%         3
 Foxfire                  Conj/Fire      12%        2x1d4     32%         1
 Slow                     Hex            12%        N/A       32%         1
 Blink                    Tloc           6%         N/A       41%         2
 Corpse Rot               Necr/Air       6%         N/A       41%         2
 Ensorcelled Hibernation  Hex/Ice        6%         N/A       41%         2
 Mephitic Cloud           Conj/Pois/Air  8%         N/A       47%         3
 Ice Form                 Ice/Tmut       17%        N/A       54%         4
 Petrify                  Tmut/Erth      17%        N/A       54%         4
 Call Canine Familiar     Summ           3%         N/A       61%         3
 Confusing Touch          Hex            3%         N/A       61%         3
 Conjure Flame            Conj/Fire      3%         6-21      61%         3
 Gell's Gravitas          Tloc           3%         N/A       61%         3
 Inner Flame              Hex/Fire       3%         N/A       61%         3
 Lesser Beckoning         Tloc           3%         N/A       61%         3
 Portal Projectile        Hex/Tloc       6%         N/A       61%         3
 Teleport Other           Tloc           3%         N/A       61%         3
 Tukima's Dance           Hex            3%         N/A       61%         3
 Vampiric Draining        Necr           3%         2d6       61%         3
 Flame Wave               Conj/Fire      3%         2d4       92%         4
 Leda's Liquefaction      Hex/Erth       1%         N/A       92%         4
 Freezing Cloud           Conj/Ice/Air   1%         6-21      99%         5
 Manifold Assault         Tloc           3%         N/A       99%         5
 Metabolic Englaciation   Hex/Ice        1%         N/A       99%         5
 Statue Form              Tmut/Erth      11%        N/A       100%        6
 Storm Form               Tmut/Air       8%         N/A       100%        7


Dungeon Overview and Level Annotations

Branches:
Dungeon (7/15)              Sewer (visited)
 Temple: D:4-7

Altars:
Vehumet
Wu Jian
The Shining One

Shops:
D:2 =


Innate Abilities, Weirdness & Mutations

You are a venomous arachnid creature.
You have poisonous fangs.
You are tiny and dextrous.
Your spellcasting is less reliable in this form.
Your armour is entirely melded.
You are incapable of wielding weapons or throwing items.
You cannot wear most types of armour.
((You are amphibious.))
You can wear up to eight rings at the same time.
((Your skin changes colour to match your surroundings (Stealth+).))
((Your rubbery body absorbs attacks. (AC +1, EV +1)))
((You are camouflaged near water. (Stealth+)))
((You have tentacles for arms and can constrict up to eight enemies at once.))


Message History

You are poisoned.
The killer bee poisons you! The killer bee stings you.
* * * LOW HITPOINT WARNING * * *
The killer bee closely misses you. The killer bee barely misses you.
You feel better. The killer bee stings you.
* * * LOW HITPOINT WARNING * * *
You are lethally poisoned!
The killer bee poisons you! The killer bee barely misses you.
The killer bee misses you. The killer bee barely misses you.
You feel better. The killer bee completely misses you.
The killer bee misses you. The killer bee closely misses you.
The killer bee stings you.
* * * LOW HITPOINT WARNING * * *
You bite the killer bee!
You feel a bit better.
You kill the killer bee!
The killer bee stings you!
* * * LOW HITPOINT WARNING * * *
You closely miss the killer bee. The killer bee misses you.
The killer bee barely misses you.
You closely miss the killer bee. The killer bee misses you.
The killer bee closely misses you.
You miss the killer bee. The killer bee barely misses you.
You hit the killer bee.
The killer bee is poisoned.
The killer bee is lightly wounded.
The killer bee stings you.
* * * LOW HITPOINT WARNING * * *
The killer bee closely misses you.
Your primal bloodlust is almost over.
The killer bee stings you.
* * * LOW HITPOINT WARNING * * *
You are lethally poisoned!
The killer bee poisons you!
It was a potion of haste.
You feel yourself speed up.
* * * LOW HITPOINT WARNING * * *
You feel very sick. The killer bee misses you.
The killer bee stings you but does no damage.
It was a potion of invisibility.
You fade into invisibility!
You die...

.##.# #.# ####.# #.#
.##.# #.# #....## #.#
.##.# #.# #.#.#.# #.#
....# #.# #....## #.#
.#### #.# ##.### #.# .#
#.## #.# #.##### .# #..#
#.### #...... .# ##.#
#.#.## #######
.#########.## #†s#.##
#######...
............###y###.##
#.......#.
##########.....##
##.###.#####...
#.####.###.....#.#......
#.# ##.#.....###..##..#
#.# ##.####..#.#.##...
#.# ### #.#.##.###.#
##########.#
#.....#....#
#..........#
######.#####


You could see a killer bee (very poisoned).

Vanquished Creatures
  A water moccasin (D:7)
  2 black bears (D:5)
  An ice beast (D:5)
  A sky beast (D:5)
  4 necrophages
  2 kobold brigands (Sewer)
  A phantom (D:5)
  A bullfrog (D:5)
  3 scorpions (D:5)
  A killer bee (D:6)
  A bullfrog zombie (D:5)
  A centaur zombie (D:4)
  5 hounds
  A jelly (D:4)
  An orc priest (D:6)
  Terence (D:2)
  2 centaur skeletons (D:6)
  2 iguanas (D:5)
  A howler monkey skeleton (D:5)
  2 adders
  3 gnolls (D:4)
  3 river rats (D:6)
  3 ufetubi
  5 worms
  A dart slug (D:1)
  9 orcs
  12 endoplasms
  3 giant cockroaches
  8 hobgoblins
  6 jackals (D:1)
  20 kobolds
  6 quokkas
  11 ball pythons
  2 bats (D:1)
  A frilled lizard (D:2)
  7 goblins
  10 rats
144 creatures vanquished.

Notes
Turn   | Place    | Note
-------+----------+-------------------------------------------
     0 | D:1      | ChaosChampion the Octopode Transmuter began the quest for
                  | the Orb.
     0 | D:1      | Reached XP level 1. HP: 13/13 MP: 3/3
   551 | D:1      | Reached XP level 2. HP: 4/18 MP: 3/5
   835 | D:1      | Learned a level 2 spell: Wereblood
   910 | D:1      | Found a faded altar of an unknown god.
  1070 | D:1      | Reached XP level 3. HP: 23/23 MP: 2/6
  1375 | D:1      | Reached skill level 4 in Unarmed Combat
  1891 | D:2      | Noticed Terence
  2187 | D:1      | Learned a level 3 spell: Spider Form
  2732 | D:2      | Found Ynufur's Jewellery Emporium.
  2743 | D:2      | Reached XP level 4. HP: 18/28 MP: 4/7
  3875 | D:2      | Killed Terence
  3876 | D:2      | Reached skill level 1 in Poison Magic
  4625 | D:3      | Found an ornate altar of the Wu Jian Council.
  4765 | D:3      | Found a radiant altar of Vehumet.
  5001 | D:4      | Reached XP level 5. HP: 21/34 MP: 3/8
  5392 | D:4      | Found a glowing golden altar of the Shining One.
  6350 | D:5      | Entered Level 5 of the Dungeon
  6413 | D:5      | Noticed a necrophage
  6423 | D:5      | Noticed a sky beast
  6424 | D:5      | Killed a necrophage
  6425 | D:5      | Reached XP level 6. HP: 35/40 MP: 4/9
  6529 | D:2      | Bought a ring of see invisible for 180 gold pieces
  6723 | D:6      | Noticed a necrophage
  6798 | D:5      | Killed a necrophage
  6943 | D:6      | Noticed a necrophage
  6954 | D:6      | Killed a necrophage
  6955 | D:6      | Reached skill level 5 in Unarmed Combat
  6955 | D:6      | Reached XP level 7. HP: 29/45 MP: 3/11
  7154 | D:6      | Found a glowing drain.
  7160 | Sewer    | Entered a sewer
  7979 | D:6      | Noticed a two-headed ogre
  8236 | D:5      | Reached XP level 8. HP: 26/54 MP: 8/13
  8510 | D:5      | Reached skill level 6 in Unarmed Combat
  8510 | D:5      | Reached skill level 5 in Transmutations
  8567 | D:5      | HP: 1/54 [orc (4)]
  9209 | D:5      | Reached skill level 7 in Unarmed Combat
  9311 | D:5      | Reached XP level 9. HP: 43/58 MP: 12/15
 10273 | D:6      | HP: 1/58 [poisoned by a killer bee]
 10274 | D:6      | Succumbed to a killer bee's poison

Illustrated notes

Levels and vault maps discovered:
D:1:      nicolae_arrival_somewhat_less_tricky_arrival, layout_loops_ring,
          ebering_ecumenical_altar_webs, minmay_bisected
D:2:      layout_loops_corners, serial_shops, nicolae_diamond_shop,
          minmay_door_square, kennysheep_generic_room_10, uniq_terence
D:3:      layout_basic, lemuel_crystal_altar, nzn_wu_jian_contemplation,
          patterned_corridor
D:4:      layout_gridville, mainiacjoe_overflow_catwalk, sigmund_army
D:5:      layout_loops_ring, minmay_bent
D:6:      layout_loops_ring, portal_sewer_entry_e, minivault_10
D:7:      layout_basic, nicolae_dithmenos_shadow_blocks,
          mainiacjoe_overflow_six_doors_small, minmay_temple_entry_tees,
          dk_rats_in_the_wall, uniq_crazy_yiuf_cottage

Skill      XL: |  1  2  3  4  5  6  7  8 |
---------------+-------------------------+-----
Unarmed Combat | 4 5 7 |  7.7
Poison Magic   | 2 3 |  3.6
Transmutations | 3 4 6 |  6.9
Fighting       | 2 3 4 |  4.0
Spellcasting   | 3 4 |  4.0
Dodging        | |  2.0

Action                   |  1- 3 |  4- 6 |  7- 9 || total
-------------------------+-------+-------+-------++-------
Melee: Unarmed           |    97 |   115 |   233 ||   445
       Constrict         |    21 |     4 |     9 ||    34
       Kick              |    15 |     8 |     2 ||    25
       Tentacles         |    15 |     2 |     9 ||    26
       Punch             |       |     1 |     1 ||     2
 Cast: Beastly Appendage |    23 |    16 |     3 ||    42
       Wereblood         |     6 |    19 |    15 ||    40
       Spider Form       |     1 |    14 |    28 ||    43
Evoke: Wand              |       |       |     1 ||     1
  Use: Scroll            |       |     4 |     1 ||     5
       Potion            |       |       |    12 ||    12
 Stab: Sleeping          |     3 |     6 |     4 ||    13
Armor: Skin              |     4 |     8 |    22 ||    34
Dodge: Dodged            |    43 |   107 |   270 ||   420

Table legend: (Time is in decaauts)
 A = Elapsed time spent in this place.
 B = Non-inter-level travel time spent in this place.
 C = Inter-level travel time spent in this place.
 D = Time resting spent in this place.
 E = Time spent auto-exploring this place.
 F = Levels seen in this place.
 G = Mean time per level.
                   A        B        C        D        E       F      G
               +--------+--------+--------+--------+--------+-----+--------+
         Total |  10249 |   9768 |    481 |   1440 |   6468 |   8 | 1281.1 |
       Dungeon |   9690 |   9209 |    481 |   1440 |   6104 |   7 | 1384.3 |
         Sewer |    558 |    558 |      0 |      0 |    364 |   1 |  558.0 |
               +--------+--------+--------+--------+--------+-----+--------+

Top non-repeatable levels by time:
     D:1: 2260 daAuts
     D:2: 1856 daAuts
     D:5: 1633 daAuts
     D:6: 1379 daAuts
     D:3: 1295 daAuts
     D:4: 1243 daAuts
   Sewer: 558 daAuts
     D:7: 23 daAuts
